[Event "Titled Tuesday Blitz March 01 Late 2022"]
[White "Jaracz, Pawel"]
[Black "Jakubowska, Anna"]
[WhiteFideId "1102222"]
[BlackFideId "1121952"]
[WhiteElo "2429"]
[BlackElo "1924"]
[Result "1-0"]
[Round "02"]
[TimeControl "180+1"]
[Date "2022.03.02"]
[WhiteClock "0:00:10"]
[BlackClock "0:00:16"]

1. d4 d5 2. c4 c6 3. e3 Nf6 4. Nc3 e6 5. b3 Nbd7 6. Bd3 Bd6 7. Nge2 O-O 8. O-O dxc4 9. bxc4 e5 10. Ng3 Re8 11. a4 Nf8 12. a5 Ng6 13. d5 cxd5 14. cxd5 Bd7 15. a6 bxa6 16. Rxa6 Bc7 17. Nce4 Nxe4 18. Nxe4 f5 19. Nc5 e4 20. Bc4 Kh8 21. Ne6 Bxe6 22. dxe6 Ne5 23. Bd5 Qc8 24. Qa4 Rb8 25. Rxa7 Bb6 26. Rd7 Nd3 27. Bd2 Nc5 28. Qb5 Bc7 29. Qc6 Be5 30. Qxc8 Rbxc8 31. Rc1 Nxd7 32. exd7 Rxc1+ 33. Bxc1 Rd8 34. Be6 Bf6 35. Bxf5 Rb8 36. Bxe4 g6 37. g3 Rb4 38. Bd3 Kg7 39. Kg2 Kf8 40. Ba3 1-0


[Site "https://www.chess.com"]

[Event "Titled Tuesday Blitz March 01 Late 2022"]
[White "Jaskolka, Tomasz"]
[Black "Li, Ben"]
[WhiteFideId "1170791"]
[BlackFideId "2089980"]
[WhiteElo "2054"]
[BlackElo "2267"]
[Result "0-1"]
[Round "02"]
[TimeControl "180+1"]
[Date "2022.03.02"]
[WhiteClock "0:00:06"]
[BlackClock "0:00:52"]

1. d4 d5 2. Bf4 Nf6 3. e3 c5 4. c3 Nc6 5. Nd2 e6 6. Ngf3 Bd6 7. Bg3 O-O 8. Bd3 b6 9. e4 Be7 10. e5 Nh5 11. Ng5 Bxg5 12. Qxh5 g6 13. Qe2 cxd4 14. h4 Bh6 15. h5 dxc3 16. bxc3 Bg7 17. hxg6 fxg6 18. Nf3 Bd7 19. Kf1 Qc7 20. Re1 Ne7 21. Bh4 Nf5 22. Bf6 Bxf6 23. exf6 Rxf6 24. Bxf5 Rxf5 25. Nd4 Rf6 26. Qe3 Raf8 27. f3 R8f7 28. Kf2 Qc4 29. Rh6 Qxa2+ 30. Kg3 Qa3 31. Reh1 Qd6+ 32. Kf2 e5 33. Ne2 e4 34. Nd4 exf3 35. gxf3 Bg4 36. Qe8+ Rf8 37. Rxh7 Rxf3+ 38. Kg2 Rf2+ 39. Kg1 Qg3# 0-1


[Site "https://www.chess.com"]

[Event "Titled Tuesday Blitz March 01 Late 2022"]
[White "Jobava, Baadur"]
[Black "Jarocka, Liwia"]
[WhiteFideId "13601520"]
[BlackFideId "21807558"]
[WhiteElo "2617"]
[BlackElo "1896"]
[Result "1-0"]
[Round "02"]
[TimeControl "180+1"]
[Date "2022.03.02"]
[WhiteClock "0:01:56"]
[BlackClock "0:01:07"]

1. b3 Nf6 2. Bb2 g6 3. Bxf6 exf6 4. c4 Bg7 5. Nc3 O-O 6. g3 f5 7. Rc1 d6 8. Bg2 Nc6 9. e3 Ne7 10. Nge2 c6 11. d4 Be6 12. O-O d5 13. cxd5 Nxd5 14. Nxd5 Bxd5 15. Bxd5 Qxd5 16. Nf4 Qd7 17. Qf3 Rad8 18. Kg2 Rfe8 19. Rc2 a5 20. Rd1 a4 21. b4 Qe7 22. a3 Qe4 23. Rc5 Bh6 24. Nd3 Bf8 25. Ra5 Ra8 26. Rxa8 Rxa8 27. Qxe4 fxe4 28. Nc5 Bxc5 29. dxc5 Kf8 30. Rd7 Rb8 31. g4 Ke8 32. Rc7 Kf8 33. h4 h6 34. g5 hxg5 35. hxg5 b6 36. Rxc6 bxc5 37. Rxc5 Rc8 1-0


[Site "https://www.chess.com"]

[Event "Titled Tuesday Blitz March 01 Late 2022"]
[White "Kanyamarala, Tarun"]
[Black "Pakleza, Zbigniew"]
[WhiteFideId "45004714"]
[BlackFideId "1119290"]
[WhiteElo "2144"]
[BlackElo "2467"]
[Result "1-0"]
[Round "02"]
[TimeControl "180+1"]
[Date "2022.03.01"]
[WhiteClock "0:00:39"]
[BlackClock "0:01:12"]

1. d4 d6 2. e4 Nf6 3. Nc3 c6 4. f4 Qb6 5. a3 e5 6. Nf3 exd4 7. Nxd4 g6 8. Be3 Ng4 9. Bg1 Qd8 10. Be2 h5 11. Qd2 Bg7 12. O-O-O O-O 13. h3 Nf6 14. g4 hxg4 15. hxg4 Nxg4 16. Bxg4 Bxg4 17. Qh2 Re8 18. Qh7+ Kf8 19. Be3 Bxd1 20. Kxd1 d5 21. Nf5 dxe4+ 22. Ke2 gxf5 23. Bc5+ Re7 24. Rg1 Nd7 25. Rxg7 1-0


[Site "https://www.chess.com"]

[Event "Titled Tuesday Blitz March 01 Late 2022"]
[White "Kanyamarala, Trisha"]
[Black "Bryakin, Mikhail"]
[WhiteFideId "45004722"]
[BlackFideId "4165314"]
[WhiteElo "2002"]
[BlackElo "2421"]
[Result "0-1"]
[Round "02"]
[TimeControl "180+1"]
[Date "2022.03.02"]
[WhiteClock "0:00:01"]
[BlackClock "0:00:39"]

1. d4 Nf6 2. c4 g6 3. Nc3 Bg7 4. Nf3 O-O 5. e3 d6 6. Be2 b6 7. O-O Bb7 8. d5 e6 9. e4 Nbd7 10. dxe6 fxe6 11. Nd4 Qe7 12. f3 e5 13. Nc2 a5 14. Bg5 h6 15. Bh4 g5 16. Bf2 Nc5 17. Ne3 Bc8 18. Ncd5 Qf7 19. b3 Be6 20. a3 Bxd5 21. cxd5 Nh5 22. g3 Nf6 23. b4 Ncd7 24. Rc1 Rfc8 25. Rc2 Nf8 26. Qc1 axb4 27. axb4 Ra7 28. Nf5 Rca8 29. Qd2 Ra1 30. Rxa1 Rxa1+ 31. Kg2 Ra7 32. Qc3 Nxd5 33. Qb3 Nf4+ 34. gxf4 Qxb3 35. Bc4+ Qxc4 36. Rxc4 exf4 37. Ne7+ Kf7 38. Nc8 Rb7 39. Bxb6 Ne6 40. Bf2 Ke8 41. Na7 Kd7 42. Nc6 Be5 43. Kh3 h5 44. Na5 Rb8 45. Nc6 Ra8 46. b5 Ra3 47. Kg2 g4 48. fxg4 hxg4 49. b6 cxb6 50. Bxb6 Ra2+ 51. Kf1 f3 52. Nb8+ Ke8 53. Rc8+ Kf7 54. Nc6 Bxh2 55. Rb8 g3 0-1


[Site "https://www.chess.com"]

[Event "Titled Tuesday Blitz March 01 Late 2022"]
[White "Karttunen, Mika"]
[Black "Demidov, Mikhail"]
[WhiteFideId "502081"]
[BlackFideId "4197143"]
[WhiteElo "2343"]
[BlackElo "2525"]
[Result "0-1"]
[Round "02"]
[TimeControl "180+1"]
[Date "2022.03.01"]
[WhiteClock "0:00:02"]
[BlackClock "0:00:16"]

1. d4 d5 2. Bf4 c5 3. e3 cxd4 4. exd4 Nc6 5. c3 Nf6 6. Nd2 Bf5 7. Qb3 Qb6 8. Qxb6 axb6 9. a3 e6 10. f3 h6 11. g4 Bh7 12. h4 Be7 13. Ne2 Nd7 14. Ng3 f6 15. h5 Kf7 16. Be3 Bd6 17. Kf2 e5 18. Nf5 Bxf5 19. gxf5 exd4 20. cxd4 Ne7 21. Bd3 Nb8 22. Rhg1 Nbc6 23. Rg4 Rac8 24. Rag1 Rhg8 25. Ke2 Na5 26. Kf2 Bb8 27. Nb1 Nc4 28. Bxc4 dxc4 29. Nc3 Nxf5 30. d5 Nxe3 31. Kxe3 Bd6 32. R1g2 Rge8+ 33. Kd2 Bf8 34. Re4 Red8 35. Kc2 b5 36. Re6 Rd6 37. Rxd6 Bxd6 38. Nxb5 Be5 39. Nc3 Rc5 40. Rd2 Ke7 41. Ne4 Rc8 42. d6+ Kd7 43. Nc3 Rc6 44. Rg2 f5 45. Rg6 Rxd6 46. Rg2 Rd3 47. f4 Bf6 48. Rf2 Kc6 49. Nd1 b5 50. Re2 Rf3 51. Ne3 Rxf4 52. Ng2 Re4 53. Rf2 Re5 54. Rd2 Bg5 55. Rf2 f4 56. Kd1 Bf6 57. Ne1 Rxh5 58. Nf3 Rd5+ 59. Kc2 g5 60. Re2 Rd6 61. Nd2 g4 62. Ne4 Re6 63. Rd2 f3 0-1


[Site "https://www.chess.com"]

[Event "Titled Tuesday Blitz March 01 Late 2022"]
[White "Khabinets, Ivan"]
[Black "Novikova, Galina"]
[WhiteFideId "14115980"]
[BlackFideId "4157095"]
[WhiteElo "2114"]
[BlackElo "1863"]
[Result "1-0"]
[Round "02"]
[TimeControl "180+1"]
[Date "2022.03.02"]
[WhiteClock "0:00:07"]
[BlackClock "0:00:04"]

1. Nf3 d5 2. c4 c6 3. g3 Nf6 4. d4 Bf5 5. Nc3 e6 6. Nh4 Bg4 7. f3 Bh5 8. Qb3 Qb6 9. c5 Qxb3 10. axb3 Nbd7 11. g4 Bg6 12. g5 Nh5 13. e4 a6 14. b4 O-O-O 15. Be3 Be7 16. Kf2 Rdf8 17. Nxg6 fxg6 18. Bh3 Nf4 19. Bxf4 Rxf4 20. Bxe6 Rhf8 21. exd5 Rxf3+ 22. Ke1 Bxg5 23. Kd1 Kc7 24. Ne4 Bh4 25. dxc6 Kxc6 26. d5+ Kc7 27. Kc2 Ne5 28. Rad1 Re3 29. d6+ Kd8 30. Nc3 Nc6 31. Bc4 Nxb4+ 32. Kb3 Nc6 33. Bd5 Kd7 34. Rhf1 Rf6 35. Rxf6 Bxf6 36. Bg8 h6 37. Bh7 Nd4+ 38. Kc4 Ne6 39. Nd5 Re5 40. Bxg6 Kc6 41. b4 Re2 42. Nxf6 gxf6 43. Be8# 1-0


[Site "https://www.chess.com"]

[Event "Titled Tuesday Blitz March 01 Late 2022"]
[White "Kim, Sergey"]
[Black "Quesada Perez, Yuniesky"]
[WhiteFideId "13700570"]
[BlackFideId "3504409"]
[WhiteElo "2626"]
[BlackElo "2622"]
[Result "0-1"]
[Round "02"]
[TimeControl "180+1"]
[Date "2022.03.01"]
[WhiteClock "0:01:50"]
[BlackClock "0:02:02"]

1. d4 d5 2. c4 dxc4 3. e3 Nf6 4. Bxc4 e6 5. Nf3 a6 6. O-O c5 7. Qe2 b5 8. Bb3 Nc6 9. Rd1 c4 10. Bc2 Nb4 11. e4 Bb7 12. e5 Nxc2 13. Qxc2 Bxf3 14. gxf3 Nd5 15. a3 Be7 16. Nc3 O-O 17. Ne4 f5 18. exf6 Bxf6 19. Kh1 Qe8 20. Rg1 Qh5 21. Qe2 Bxd4 22. Rg5 Qxf3+ 23. Qxf3 Rxf3 24. Bd2 Bxb2 25. Rag1 g6 26. a4 c3 27. Bc1 bxa4 0-1


[Site "https://www.chess.com"]

[Event "Titled Tuesday Blitz March 01 Late 2022"]
[White "Kollars, Dmitrij"]
[Black "Wieczorek, Oskar"]
[WhiteFideId "12909572"]
[BlackFideId "1133950"]
[WhiteElo "2584"]
[BlackElo "2319"]
[Result "1-0"]
[Round "02"]
[TimeControl "180+1"]
[Date "2022.03.01"]
[WhiteClock "0:00:54"]
[BlackClock "0:00:41"]

1. d4 Nf6 2. c4 c5 3. dxc5 e6 4. Nf3 Bxc5 5. e3 d5 6. a3 a5 7. Nc3 O-O 8. cxd5 exd5 9. Be2 Nc6 10. O-O Ba7 11. Nb5 Bb6 12. Bd2 Ne4 13. Rc1 Bg4 14. Bc3 Nxc3 15. Rxc3 Re8 16. h3 Bh5 17. Rd3 Qe7 18. Rxd5 Bg6 19. Rd7 Qf6 20. Rxb7 Rad8 21. Qc1 Rb8 22. Rxb8 Rxb8 23. Rd1 Ne5 24. Qc3 Nxf3+ 25. Bxf3 Qxc3 26. Nxc3 Bc5 27. Rd5 Bf8 28. Rb5 Rd8 29. Be4 Bxe4 30. Nxe4 a4 31. Nc3 Ra8 32. g4 g6 33. Kf1 Bg7 34. Rb4 Bxc3 35. bxc3 Kf8 36. Ke2 Ke7 37. Rd4 Ke6 38. Kd3 f5 39. gxf5+ Kxf5 40. h4 h5 41. f3 g5 42. Rd5+ Kf6 43. Rxg5 1-0


[Site "https://www.chess.com"]

[Event "Titled Tuesday Blitz March 01 Late 2022"]
[White "Kostiukov, Alexandr"]
[Black "Yurtseven, Melih"]
[WhiteFideId "14108100"]
[BlackFideId "6312160"]
[WhiteElo "2202"]
[BlackElo "2160"]
[Result "0-1"]
[Round "02"]
[TimeControl "180+1"]
[Date "2022.03.02"]
[WhiteClock "0:00:01"]
[BlackClock "0:01:27"]

1. g3 d5 2. Bg2 e5 3. c4 d4 4. d3 c5 5. Nf3 Nc6 6. O-O Bd6 7. e3 Nge7 8. exd4 exd4 9. Na3 O-O 10. Ng5 Bf5 11. Ne4 Bxe4 12. Bxe4 f5 13. Bg2 f4 14. Nb1 Qd7 15. Nd2 b6 16. Ne4 Bc7 17. Qh5 Rf5 18. Bh3 Rxh5 19. Bxd7 Kh8 20. Bxf4 Bxf4 21. gxf4 Rf8 22. Ng3 Rh4 23. f5 Ne5 24. Rae1 Nf3+ 25. Kg2 Nxe1+ 26. Rxe1 Ng8 27. Re6 Rh6 28. Re2 Rd6 29. Be6 Rdd8 30. Ne4 h6 31. a3 Nf6 32. Ng3 Kh7 33. b4 Nd7 34. Rb2 Ne5 35. Rd2 cxb4 36. axb4 Nc6 37. b5 Na5 38. Bd5 Nb3 39. Ra2 Nc5 40. Rxa7 Nxd3 41. Be4 Nc5 42. f6+ Nxe4 0-1


[Site "https://www.chess.com"]

[Event "Titled Tuesday Blitz March 01 Late 2022"]
[White "Koutlas, Nikolaos"]
[Black "P., Komal Kishore"]
[WhiteFideId "25827138"]
[BlackFideId "5016703"]
[WhiteElo "1610"]
[BlackElo "2083"]
[Result "1-0"]
[Round "02"]
[TimeControl "180+1"]
[Date "2022.03.02"]
[WhiteClock "0:00:15"]
[BlackClock "0:00:34"]

1. b3 c6 2. Bb2 d5 3. f4 Nf6 4. Nf3 Bf5 5. g3 e6 6. Bg2 Nbd7 7. O-O Be7 8. Nc3 O-O 9. Nh4 Bg4 10. h3 Bh5 11. g4 Bg6 12. f5 exf5 13. Nxf5 Bc5+ 14. e3 a5 15. Ne2 Rc8 16. Nxg7 Kxg7 17. g5 Be7 18. Ng3 Qc7 19. Nh5+ Bxh5 20. Qxh5 Rg8 21. gxf6+ Nxf6 22. Rxf6 Bxf6 23. Qg5+ Kf8 24. Qxf6 Qg3 25. Qf2 Qxh3 26. Rf1 Rc7 27. Ba3+ Ke8 28. Bd6 Rd7 29. Be5 b5 30. a4 b4 31. Qe2 Re7 32. d4 Re6 33. Qf2 Reg6 34. Qxf7+ Kd8 35. Qxg8+ Rxg8 36. Rf8+ Ke7 37. Rxg8 Qxe3+ 38. Kh2 Qh6+ 39. Bh3 Qd2+ 40. Rg2 Qd1 41. Rg7+ Kf8 42. Be6 Qxc2+ 43. Rg2 Qxb3 44. Bd6+ 1-0


[Site "https://www.chess.com"]

[Event "Titled Tuesday Blitz March 01 Late 2022"]
[White "Kozak, Adam"]
[Black "Astasio Lopez, David"]
[WhiteFideId "753246"]
[BlackFideId "2230208"]
[WhiteElo "2459"]
[BlackElo "2355"]
[Result "1-0"]
[Round "02"]
[TimeControl "180+1"]
[Date "2022.03.01"]
[WhiteClock "0:01:01"]
[BlackClock "0:00:09"]

1. Nf3 d5 2. e3 c6 3. c4 Nf6 4. Nc3 e6 5. b3 Nbd7 6. Qc2 Bd6 7. Bb2 Qe7 8. Rg1 O-O 9. g4 dxc4 10. g5 Ne8 11. Ne4 cxb3 12. axb3 f5 13. gxf6 Ndxf6 14. Nfg5 Kh8 15. Ra4 e5 16. Nxd6 Nxd6 17. Ba3 h6 18. Rh4 e4 19. Nxe4 Nfxe4 20. Rxe4 Qf6 21. Rf4 Qa1+ 22. Ke2 Rxf4 23. Bb2 Qxb2 24. Qxb2 Rf7 25. f4 Bf5 26. d3 Re8 27. e4 Bh7 28. Kd2 Rd7 29. Kc1 Nb5 30. Bh3 Rde7 31. f5 c5 32. f6 Re5 33. f7 1-0


[Site "https://www.chess.com"]

[Event "Titled Tuesday Blitz March 01 Late 2022"]
[White "Krishnan, Varun"]
[Black "Demchenko, Anton"]
[WhiteFideId "5054508"]
[BlackFideId "4160258"]
[WhiteElo "2596"]
[BlackElo "2539"]
[Result "1-0"]
[Round "02"]
[TimeControl "180+1"]
[Date "2022.03.01"]
[WhiteClock "0:00:27"]
[BlackClock "0:00:43"]

1. e4 e5 2. Nf3 Nc6 3. Bb5 a6 4. Ba4 Nge7 5. O-O Ng6 6. c3 d6 7. d4 Bd7 8. Bg5 Be7 9. Bxe7 Qxe7 10. Nbd2 O-O 11. Re1 b5 12. Bb3 Na5 13. Bc2 c5 14. Nf1 cxd4 15. cxd4 Bg4 16. Ne3 Bxf3 17. Qxf3 Nc6 18. Nf5 Qa7 19. d5 Nd4 20. Qd1 Nxf5 21. exf5 Nf4 22. g3 Nh3+ 23. Kg2 Nxf2 24. Qe2 Rac8 25. Rac1 Qd4 26. Qxf2 Qxb2 27. f6 g6 28. Be4 Qb4 29. Qe3 Rxc1 30. Qh6 Qb2+ 31. Kh3 1-0


[Site "https://www.chess.com"]

[Event "Titled Tuesday Blitz March 01 Late 2022"]
[White "Landaw, Julian"]
[Black "Chernikov, Vladimir"]
[WhiteFideId "2023342"]
[BlackFideId "14112914"]
[WhiteElo "2312"]
[BlackElo "2061"]
[Result "1-0"]
[Round "02"]
[TimeControl "180+1"]
[Date "2022.03.02"]
[WhiteClock "0:01:27"]
[BlackClock "0:00:15"]

1. e4 d6 2. Nc3 Nf6 3. g3 e5 4. Bg2 Be7 5. d3 O-O 6. f4 c6 7. Nf3 b5 8. a3 Qc7 9. O-O a5 10. h3 Na6 11. Ne2 Bb7 12. g4 c5 13. g5 Nh5 14. Nh4 c4 15. f5 cxd3 16. cxd3 d5 17. Nc3 Nf4 18. Bxf4 exf4 19. f6 gxf6 20. exd5 fxg5 21. Nf5 Bf6 22. Qh5 Bxc3 23. bxc3 Qb6+ 24. d4 Qf6 25. Be4 Rfe8 26. Nh6+ Kg7 27. Ng4 Qd6 28. Qxh7+ Kf8 29. Nh6 Qf6 30. d6 Bxe4 31. Qg8# 1-0


[Site "https://www.chess.com"]

[Event "Titled Tuesday Blitz March 01 Late 2022"]
[White "Leiva, Gianmarco"]
[Black "Van Foreest, Jorden"]
[WhiteFideId "3804399"]
[BlackFideId "1039784"]
[WhiteElo "2328"]
[BlackElo "2609"]
[Result "1-0"]
[Round "02"]
[TimeControl "180+1"]
[Date "2022.03.01"]
[WhiteClock "0:00:24"]
[BlackClock "0:00:44"]

1. d4 Nf6 2. Nf3 b6 3. e3 Bb7 4. Bd3 c5 5. O-O g6 6. c4 Bg7 7. d5 O-O 8. Nc3 d6 9. e4 Nbd7 10. h3 Ne8 11. Bf4 e5 12. dxe6 fxe6 13. Bg3 Bxc3 14. bxc3 e5 15. Qd2 Qe7 16. Bc2 Ndf6 17. Rfe1 Ng7 18. a4 Ngh5 19. a5 bxa5 20. Rxa5 a6 21. Nh2 Nxg3 22. fxg3 Nh5 23. Qe3 Nf6 24. Nf1 Qe6 25. Qd3 Rf7 26. Bd1 Qd7 27. Bf3 Qc7 28. Ra2 a5 29. Ne3 a4 30. g4 h6 31. Rea1 Bc6 32. Nd5 Nxd5 33. exd5 Bd7 34. Qxg6+ Rg7 35. Qxh6 Rf8 36. Be4 Rf4 37. Bf5 Be8 38. Be6+ Kf8 39. Qh8+ 1-0


[Site "https://www.chess.com"]

[Event "Titled Tuesday Blitz March 01 Late 2022"]
[White "Lopez Gracia, Fernando"]
[Black "Sailer, Mike"]
[WhiteFideId "2207184"]
[BlackFideId "2012901"]
[WhiteElo "2432"]
[BlackElo "2109"]
[Result "1-0"]
[Round "02"]
[TimeControl "180+1"]
[Date "2022.03.02"]
[WhiteClock "0:01:00"]
[BlackClock "0:00:04"]

1. c4 c6 2. e4 d5 3. exd5 cxd5 4. d4 Nf6 5. Nc3 g6 6. cxd5 Nxd5 7. Nf3 Bg7 8. Qb3 Nxc3 9. bxc3 O-O 10. Be2 Nc6 11. O-O e5 12. d5 Ne7 13. c4 Bg4 14. Bb2 Bxf3 15. Bxf3 Qd7 16. Rfe1 Qf5 17. Qxb7 Rab8 18. Qxe7 Rxb2 19. Rad1 Qc2 20. Be2 Qe4 21. d6 Rxe2 22. Rf1 Qxc4 23. d7 Bh6 24. Qxf8+ Bxf8 25. d8=Q e4 26. Qb8 e3 27. fxe3 Qe4 28. Qg3 Rxe3 29. Qf2 Bc5 30. Qxf7+ Kh8 31. Rd8+ Qe8 32. Rxe8+ Rxe8+ 33. Kh1 1-0


[Site "https://www.chess.com"]

[Event "Titled Tuesday Blitz March 01 Late 2022"]
[White "Lopez Perdomo, Juan David"]
[Black "Glavina, Pablo"]
[WhiteFideId "4405137"]
[BlackFideId "100234"]
[WhiteElo "1997"]
[BlackElo "2369"]
[Result "1-0"]
[Round "02"]
[TimeControl "180+1"]
[Date "2022.03.02"]
[WhiteClock "0:01:27"]
[BlackClock "0:00:56"]

1. e4 e5 2. Nf3 Nc6 3. Bb5 a6 4. Ba4 Nf6 5. d3 Bc5 6. c3 b5 7. Bc2 d6 8. h3 O-O 9. Bg5 h6 10. Be3 Bxe3 11. fxe3 d5 12. exd5 Nxd5 13. Qe2 Bb7 14. O-O Qe7 15. Nbd2 Rad8 16. Rad1 b4 17. c4 Nf6 18. Nh4 Bc8 19. Qf3 Ng4 20. hxg4 Qxh4 21. Qxc6 Bxg4 22. Nf3 Qg3 23. Rd2 h5 24. Qe4 h4 25. Qxe5 Bxf3 26. Qxg3 hxg3 27. Rxf3 c5 28. Rxg3 a5 29. b3 a4 30. d4 a3 31. d5 Rfe8 32. e4 Re5 33. Rf2 f5 34. Rxf5 Re7 35. e5 Rde8 36. e6 Rd8 37. Rh5 Rd6 38. Rgh3 g6 39. Bxg6 Kg7 40. Bc2 Kf6 41. Rf3+ 1-0


[Site "https://www.chess.com"]

[Event "Titled Tuesday Blitz March 01 Late 2022"]
[White "Martins, Carlos"]
[Black "Kosakowski, Jakub"]
[WhiteFideId "2101688"]
[BlackFideId "1185080"]
[WhiteElo "2183"]
[BlackElo "2476"]
[Result "0-1"]
[Round "02"]
[TimeControl "180+1"]
[Date "2022.03.02"]
[WhiteClock "0:00:01"]
[BlackClock "0:00:13"]

1. e4 d5 2. exd5 Qxd5 3. Nc3 Qd8 4. d4 c6 5. Bc4 Bf5 6. Nf3 e6 7. Be3 Nf6 8. Ne5 Nbd7 9. f4 Be7 10. Qe2 Nd5 11. Bd2 Nxe5 12. fxe5 Bh4+ 13. g3 Bg5 14. Bxd5 exd5 15. O-O-O O-O 16. h4 Bxd2+ 17. Rxd2 b5 18. g4 Be6 19. g5 a5 20. Kb1 a4 21. a3 b4 22. axb4 a3 23. b3 a2+ 24. Nxa2 Qb6 25. c3 Ra3 26. Rf1 Rxb3+ 27. Rb2 Ra3 28. h5 Rfa8 29. Rf2 Qd8 30. Qe3 Qd7 31. Qf4 g6 32. hxg6 fxg6 33. Qf6 Bf5+ 34. Kc1 Rf8 35. Qd6 Qxd6 36. exd6 Rd8 37. b5 cxb5 38. Kd2 Rxd6 39. Nb4 Ra8 40. Re2 Be4 41. Nd3 Rf8 42. Rxb5 Ra6 43. Ne5 Ra2+ 44. Ke3 Ra3 45. Kd2 Rc8 46. Nd7 Ra2+ 47. Ke1 Ra1+ 48. Kd2 Kf7 49. Rb7 Ra2+ 50. Ke1 Ra1+ 51. Kd2 Ke6 52. Nc5+ Kf5 0-1


[Site "https://www.chess.com"]

[Event "Titled Tuesday Blitz March 01 Late 2022"]
[White "Migot, Tangi"]
[Black "Corrales Jimenez, Fidel"]
[WhiteFideId "662445"]
[BlackFideId "3506690"]
[WhiteElo "2513"]
[BlackElo "2541"]
[Result "0-1"]
[Round "02"]
[TimeControl "180+1"]
[Date "2022.03.02"]
[WhiteClock "0:00:09"]
[BlackClock "0:01:25"]

1. d4 Nf6 2. Nf3 g6 3. c3 Bg7 4. g3 d5 5. Bg2 O-O 6. O-O b6 7. a4 a5 8. Bf4 Ba6 9. Re1 Nbd7 10. Nbd2 c5 11. Ne5 Rc8 12. Nxd7 Qxd7 13. dxc5 bxc5 14. e4 d4 15. Nb3 Nh5 16. Bd2 d3 17. Nxa5 c4 18. b4 cxb3 19. Nxb3 Bxc3 20. Bxc3 Rxc3 21. e5 Ng7 22. Nd2 Ne6 23. Ne4 Rc2 24. Bf1 Rd8 25. Bh3 Qd4 26. Bxe6 fxe6 27. Qg4 Bc4 28. Qf4 Kg7 29. Qg5 Qa7 30. h4 Rf8 31. Qe3 Qxe3 32. Rxe3 d2 33. Nxd2 Rxd2 34. a5 Rfxf2 0-1


[Site "https://www.chess.com"]

[Event "Titled Tuesday Blitz March 01 Late 2022"]
[White "Mirzoev, Azer"]
[Black "Romero Ruscalleda, Josep"]
[WhiteFideId "13400304"]
[BlackFideId "2231859"]
[WhiteElo "2525"]
[BlackElo "2315"]
[Result "1/2-1/2"]
[Round "02"]
[TimeControl "180+1"]
[Date "2022.03.02"]
[WhiteClock "0:00:30"]
[BlackClock "0:00:21"]

1. c4 g6 2. Nc3 Bg7 3. Nf3 d6 4. d4 Nf6 5. Bg5 O-O 6. e3 Nc6 7. Be2 Re8 8. O-O e5 9. Bh4 Bf5 10. Rc1 exd4 11. exd4 Qd7 12. Re1 Ne4 13. Nd5 h6 14. Ne3 g5 15. d5 Ne7 16. Nxf5 Nxf5 17. Bd3 Nc5 18. Rxe8+ Rxe8 19. Bg3 Bxb2 20. Rb1 Bg7 21. Bc2 Nxg3 22. hxg3 Qg4 23. Qf1 b6 24. Rd1 a5 25. Bb1 Qd7 26. Re1 Kf8 27. Rxe8+ Qxe8 28. Qd1 Qa4 29. Qe2 Qb4 30. Qc2 Qb2 31. Qxb2 Bxb2 32. Kf1 Bf6 33. Ke2 Ke7 34. Bc2 Nd7 35. g4 Ne5 36. Nxe5 Bxe5 37. g3 Kf6 38. Ba4 Kg6 39. Be8 Kf6 40. Kf3 Bd4 41. Ke2 Ke7 42. Bb5 f6 43. a4 Bc5 44. Bc6 Kf7 45. Bd7 Ke7 46. Bf5 Kf7 47. Be6+ Ke7 48. Bf5 Kf7 49. Be6+ Ke7 50. Bf5 1/2-1/2


[Site "https://www.chess.com"]

[Event "Titled Tuesday Blitz March 01 Late 2022"]
[White "Mogranzini, Roberto"]
[Black "Lima, Kleyton Alcantara"]
[WhiteFideId "810894"]
[BlackFideId "22718397"]
[WhiteElo "2469"]
[BlackElo "1951"]
[Result "1-0"]
[Round "02"]
[TimeControl "180+1"]
[Date "2022.03.02"]
[WhiteClock "0:01:47"]
[BlackClock "0:01:12"]

1. e4 c5 2. Nf3 d6 3. Nc3 a6 4. a4 Nf6 5. e5 dxe5 6. Nxe5 Nbd7 7. Nc4 e6 8. g3 Be7 9. a5 b5 10. axb6 Nxb6 11. Na5 Qc7 12. Bg2 Rb8 13. O-O Nbd5 14. b3 O-O 15. Bb2 Bb7 16. Nxb7 Qxb7 17. Qe2 Qc8 18. Qxa6 Qc7 19. Qe2 Nb4 20. d3 Nfd5 21. Ne4 Ra8 22. h4 h6 23. Rxa8 Rxa8 24. c4 Nb6 25. Qg4 Bf8 26. Nf6+ Kh8 27. Bxa8 Nxa8 28. Qe4 gxf6 29. Bxf6+ Kg8 30. Qxa8 Nxd3 31. Rd1 Qd6 32. Qf3 Ne5 33. Qe2 Qc6 34. Bxe5 1-0


[Site "https://www.chess.com"]

[Event "Titled Tuesday Blitz March 01 Late 2022"]
[White "Muradli, Mahammad"]
[Black "Hua, Lefong"]
[WhiteFideId "13409301"]
[BlackFideId "2602253"]
[WhiteElo "2645"]
[BlackElo "2580"]
[Result "1-0"]
[Round "02"]
[TimeControl "180+1"]
[Date "2022.03.01"]
[WhiteClock "0:00:10"]
[BlackClock "0:00:08"]

1. Nf3 Nf6 2. g3 g6 3. b3 Bg7 4. Bb2 O-O 5. Bg2 c5 6. c4 Nc6 7. O-O d6 8. Nc3 Rb8 9. d4 a6 10. dxc5 dxc5 11. Na4 b6 12. Ne5 Na5 13. Bc3 Nd7 14. Nxd7 Bxd7 15. Bxg7 Kxg7 16. Nc3 Bc6 17. Qc2 Bxg2 18. Kxg2 e6 19. Rad1 Qe7 20. Ne4 Rfd8 21. Qc3+ f6 22. g4 e5 23. Qg3 Nc6 24. e3 Rxd1 25. Rxd1 Rd8 26. Rd5 Rxd5 27. cxd5 Nb4 28. d6 Qe6 29. g5 f5 30. Nf6 Kf7 31. d7 Nc6 32. Qf3 e4 33. Qf4 Nd8 34. Qc7 Ke7 35. h4 h5 36. Qb8 Qd6 37. Qc8 Qe6 38. Qxa6 f4 39. exf4 e3 40. Qe2 exf2 41. Kxf2 Qxe2+ 42. Kxe2 Ne6 43. Ke3 Ng7 44. Ke4 Nf5 45. Nxh5 Nd6+ 46. Kd5 gxh5 47. d8=Q+ Kxd8 48. Kxd6 c4 49. bxc4 1-0


[Site "https://www.chess.com"]

[Event "Titled Tuesday Blitz March 01 Late 2022"]
[White "Nakamura, Hikaru"]
[Black "Weetik, Vjacheslav"]
[WhiteFideId "2016192"]
[BlackFideId "4153472"]
[WhiteElo "2850"]
[BlackElo "2469"]
[Result "0-1"]
[Round "02"]
[TimeControl "180+1"]
[Date "2022.03.01"]
[WhiteClock "0:01:16"]
[BlackClock "0:00:04"]

1. Nf3 Nf6 2. b3 d5 3. Bb2 Bg4 4. e3 Nbd7 5. c4 e6 6. d4 Ne4 7. a3 c6 8. Bd3 Qa5+ 9. Nbd2 Bxf3 10. gxf3 Qxd2+ 11. Qxd2 Nxd2 12. Kxd2 g6 13. Ke2 Bg7 14. a4 O-O 15. a5 a6 16. Rac1 Rfe8 17. Rhd1 Bf8 18. Bc3 Rac8 19. Be1 Bg7 20. Kf1 Rcd8 21. Be2 Rc8 22. Kg1 Rcd8 23. Bf1 Rc8 24. Bg2 Rcd8 25. Kf1 Nf6 26. Ke2 Bf8 27. b4 dxc4 28. Rxc4 Nd5 29. Rb1 Nc7 30. f4 Nb5 31. Rcc1 Bd6 32. Be4 Be7 33. f3 Bf6 34. Bf2 Kg7 35. Bd3 Nc7 36. Rc2 Nd5 37. Bg3 h5 38. Be1 Rd7 39. Bd2 Be7 40. Rb3 Red8 41. Rc1 Bf6 42. Rg1 Kf8 43. Be4 Be7 44. Rc1 Bf6 45. Be1 Be7 46. Bb1 Nc7 47. Ba2 Nb5 48. Rbb1 Bf6 49. Bb3 Nc7 50. Bc4 Nd5 51. Bd2 Nc7 52. Rd1 Be7 53. Rb3 Bf6 54. Bc1 Nd5 55. Bd2 Nc7 56. Be1 Be7 57. Bf2 Bf6 58. Rbd3 Nd5 59. Rb1 Be7 60. Rdb3 Nc7 61. Kf1 Bf6 62. Kg2 Nd5 63. Be1 Nc7 64. Rc1 Be7 65. Be2 Bf6 66. Bg3 Nd5 67. Bf2 Be7 68. Be1 Bf6 69. Kg3 Be7 70. e4 Nc7 71. Bf2 Bf6 72. d5 exd5 73. Bb6 Re8 74. Bd3 dxe4 75. fxe4 Bd4 76. Bxc7 Rxc7 77. e5 g5 78. fxg5 Bxe5+ 79. Kf3 Rd7 80. Rc4 Bxh2 81. Rh4 Be5 82. Rxh5 Red8 83. Be4 Bg7 84. Rh4 Rd4 85. Rf4 Re8 86. g6 Re7 87. Rd3 Rxd3+ 88. Bxd3 Be5 89. Rf5 Kg7 90. Rg5 fxg6 91. Rxg6+ Kf7 92. Rh6 Kg7 93. Kg4 Kxh6 94. Kf5 Bc3 0-1


[Site "https://www.chess.com"]